AoeStats
← Echo

Northern Isles

510334370Analyzed
1v1 RM · 20h ago on Sep 30, 2026· 59m 34s· 2 players
Game mode
Random Map
Map size
Tiny (2 player)
Population
200
Speed
Normal
Resources
Standard
Victory
Conquest
Starting age
Dark Age
Ending age
Imperial Age
RankedLock teamsTeams togetherTeam positionsShared explorationLock speedFull tech treeHidden civsTurbo modeCheats
Victory
Defeat
🇩🇪 Sicilians · Germany
1179
+18
🇨🇳 Vietnamese · China
1213
-18
Lastdrop
10:31 Feudal Age
11:00 Loom
11:56 Double-Bit Axe
14:18 Town Watch
14:32 Fletching
15:55 Scale Mail Armor
18:24 Wheelbarrow
23:48 Fishing Lines
29:19 Castle Age
29:27 Forging
30:24 Chain Mail Armor
30:44 Iron Casting
31:40 Medium Warships
30:51 Demolition Ship
31:23 Gillnets
32:18 Bow Saw
32:19 Bodkin Arrow
32:50 Stone Mining
33:51 Ballistics
40:45 Imperial Age
38:30 Hand Cart
38:17 Gold Mining
39:06 Stone Shaft Mining
42:33 Chemistry
41:56 Conscription
42:42 Blast Furnace
41:46 Bracer
42:28 Heavy Warships
55:54 Blast Furnace
55:25 Plate Mail Armor
Echo
9:50 Feudal Age
13:23 Castle Age
12:05 Double-Bit Axe
12:22 Horse Collar
20:26 Crossbowman
21:00 Loom
28:08 Fletching
30:10 Ballistics
32:42 Medium Warships
33:47 Stone Mining
34:19 Gold Mining
36:34 Wheelbarrow
36:10 Bow Saw
36:43 Thumb Ring
36:43 Treadmill Crane
38:00 Stone Shaft Mining
38:08 Bodkin Arrow
40:10 Heated Shot
44:01 Imperial Age
42:02 Careening
42:03 Clinker Construction
42:30 Hand Cart
43:09 Masonry
43:33 Padded Archer Armor
45:52 Chemistry
44:51 Demolition Ship
46:08 Heavy Warships
46:47 Two-Man Saw
46:43 Dry Dock
45:58 Elite Cannon Galleon
47:07 Bracer
47:26 Arbalester
48:31 Siege Engineers
49:39 Carvel Hull
49:34 Guilds
50:29 Leather Archer Armor
52:09 Ring Archer Armor
52:30 Sappers
55:21 Bombard Tower
Connection lost

Rejoining the realm…

Still unreachable

The connection could not be restored.

Session expired

The server has moved on; the page needs a fresh start.